 Dungeon Crawl Stone Soup version 0.27.1-4-g1640c2035a (webtiles) character file.

Game seed: 17640932706081844726

39156 happimess2 the Thaumaturge (level 13, -31/63 HPs)
             Began as a Deep Elf Conjurer on Nov 10, 2021.
             Was a High Priest of Vehumet.
             Blown up by a lich (69 damage)
             ... with an orb of destruction
             ... on level 3 of the Abyss on Nov 16, 2021.
             The game lasted 03:16:36 (23236 turns).

happimess2 the Thaumaturge (Deep Elf Conjurer)     Turns: 23236, Time: 03:16:37

Health: -31/63     AC:  9    Str: 11      XL:     13   Next: 67%
Magic:  0/32       EV: 16    Int: 24 (26) God:    Vehumet [*****.]
Gold:   1095       SH:  0    Dex: 15      Spells: 20/39 levels left

rFire    + . .     SeeInvis +   a - +1 shortbow (freeze)
rCold    + . .     Faith    .   (shield currently unavailable)
rNeg     . . .     Spirit   +   d - +2 robe {rC+ rF+}
rPois    .         Reflect  .   w - +1 hat
rElec    .         Harm     .   o - +1 cloak
rCorr    .         Rampage  .   n - +1 pair of gloves
Will     +....                  (no boots)
Stlth    +++++.....             N - amulet of guardian spirit
HPRegen  0.20/turn              p - +6 ring of strength
MPRegen  0.23/turn              e - ring of see invisible

@: no status effects
A: no striking features
a: Renounce Religion


You were on level 3 of the Abyss.
You worshipped Vehumet.
Vehumet was extremely pleased with you.
You visited 2 branches of the dungeon, and saw 16 of its levels.
You visited the Abyss 1 time.
You also visited: Sewer and Bailey.

You collected 1207 gold pieces.
You spent 112 gold pieces at shops.

Inventory:

Hand Weapons
 a - a +1 shortbow of freezing (weapon)
 k - a +4 halberd
 q - a +2 vampiric short sword
 P - the +6 battleaxe "Earthworm" {vorpal, rN+ Will+ rCorr Str-3}
   (You took it off a tengu warrior on level 14 of the Dungeon)

   It inflicts extra damage upon your enemies.
   Str:       It affects your strength (-3).
   rN:        It protects you from negative energy.
   rCorr:     It protects you from acid and corrosion.
   Will:      It increases your willpower.
 U - a +3 short sword
Missiles
 C - 5 boomerangs of dispersal
 L - 441 arrows (quivered ammo)
Armour
 d - a +2 robe of resistance (worn)
 n - a +1 pair of gloves (worn)
 o - a +1 cloak (worn)
 w - a +1 hat (worn)
 I - a +0 buckler of protection
 J - a +2 kite shield
 O - a scarf of invisibility
 Q - +0 acid dragon scales
 T - a +0 troll leather armour
Jewellery
 e - a ring of see invisible (right hand)
 p - a +6 ring of strength (left hand)
 v - a ring of willpower
 y - a ring of protection from fire
 z - a ring of protection from fire
 D - an amulet of reflection
 F - a ring of ice
 G - a ring of willpower
 K - the amulet of the Air {Inacc Air Fly rElec RMsl}
   (You took it off a tengu warrior on level 14 of the Dungeon)

   [amulet of nothing]

   It reduces the accuracy of all your attacks.
   It enhances your air magic.
   rElec:     It insulates you from electricity.
   Fly:       It grants you flight.
   RMsl:      It protects you from missiles.
 N - an amulet of guardian spirit (around neck)
Wands
 l - a wand of acid (9)
 A - a wand of mindburst (6)
 E - a wand of flame (33)
 M - a wand of charming (28)
 R - a wand of iceblast (25)
Scrolls
 b - a scroll of vulnerability {unknown}
 h - a scroll of magic mapping
 s - a scroll of teleportation
 t - 2 scrolls of fog
 u - 3 scrolls of enchant armour
 H - 4 scrolls of enchant weapon
Potions
 g - a potion of curing
 i - 4 potions of attraction
 r - 3 potions of flight
 B - 3 potions of lignification
Miscellaneous
 j - a box of beasts (inert)


   Skills:
 * Level 8.1 Bows
 + Level 8.9 Dodging
 + Level 13.0 Stealth
 + Level 13.6 Spellcasting
 + Level 12.4 Conjurations
 + Level 13.1 Hexes
 - Level 6.1 Translocations
 * Level 4.9 Evocations


You had 20 spell levels left.
You knew the following spells:

 Your Spells              Type           Power      Damage    Failure   Level
a - Magic Dart            Conj           100%       1d8       0%          1
b - Searing Ray           Conj           100%       3d7       1%          2
c - Tukima's Dance        Hex            68%        N/A       1%          3
d - Fulminant Prism       Conj/Hex       33%        3d16      1%          4
e - Iskenderun's Mystic   Conj/Tloc      57%        2d12      1%          4
A - Apportation           Tloc           90%        N/A       1%          1
P - Passage of Golubria   Tloc           N/A        N/A       3%          4

Your spell library contained the following spells:

 Spells                   Type           Power      Damage    Failure   Level
 Sticky Flame             Conj/Fire      46%        2d6       1%          4
 Corona                   Hex            75%        N/A       0%          1
 Ensorcelled Hibernation  Hex/Ice        94%        N/A       1%          2
 Poisonous Vapours        Pois/Air       32%        N/A       1%          2
 Dazzling Flash           Conj/Hex       100%       N/A       1%          3
 Stone Arrow              Conj/Erth      92%        3d12      1%          3
 Cause Fear               Hex            34%        N/A       1%          4
 Iskenderun's Battlesphe  Conj           66%        2d12      1%          5
 Yara's Violent Unravell  Hex/Tmut       23%        3d10      1%          5
 Animate Skeleton         Necr           32%        N/A       3%          1
 Pain                     Necr           64%        1d7       3%          1
 Sting                    Tmut/Pois      64%        1d6       3%          1
 Summon Small Mammal      Summ           64%        N/A       3%          1
 Frozen Ramparts          Ice            32%        1d5       3%          3
 Corpse Rot               Necr/Air       N/A        N/A       5%          2
 Sublimation of Blood     Necr           8%         N/A       5%          2
 Wereblood                Tmut           16%        N/A       5%          2
 Freezing Cloud           Conj/Ice/Air   18%        6-21      5%          5
 Metabolic Englaciation   Hex/Ice        23%        N/A       7%          5
 Ozocubu's Armour         Ice            16%        N/A       11%         3
 Spider Form              Tmut/Pois      8%         N/A       11%         3
 Olgreb's Toxic Radiance  Pois           16%        N/A       11%         4
 Iron Shot                Conj/Erth      23%        9d5       12%         6
 Lee's Rapid Deconstruct  Erth           8%         3d8*      26%         5
 Animate Armour           Summ/Erth      32%        N/A       36%         4
 Ice Form                 Ice/Tmut       16%        N/A       36%         4
 Summon Ice Beast         Ice/Summ       16%        N/A       36%         4
 Spellforged Servitor     Conj/Summ      23%        N/A       50%         7
 Agony                    Necr           16%        N/A       71%         5
 Excruciating Wounds      Necr           8%         N/A       71%         5
 Lehudib's Crystal Spear  Conj/Erth      23%        10d6      98%         8
 Shadow Creatures         Summ           N/A        N/A       99%         6
 Simulacrum               Ice/Necr       8%         N/A       99%         6
 Dragon Form              Tmut           8%         N/A       100%        7
 Summon Hydra             Summ           8%         N/A       100%        7
 Dragon's Call            Summ           8%         N/A       100%        9


Dungeon Overview and Level Annotations

Branches:
Dungeon (15/15)            Temple (1/1) D:4            Lair (0/6) D:9
    Orc (0/2) D:11          Sewer (visited)          Bailey (visited)
 Vaults: D:13-14     Depths: D:15

Altars:
Ashenzari
Cheibriados
Dithmenos
Elyvilon
Fedhas
Gozag
Hepliaklqana
Kikubaaqudgha
Makhleb
Nemelex Xobeh
Okawaru
Qazlal
Ru
Sif Muna
Trog
Uskayaw
Vehumet
Wu Jian
Xom
Yredelemnul
Zin
The Shining One

Shops:
D:7 [   D:8 ?

Portals:
Trove: D:12 (give 4 potions of resistance)

Annotations:
D:14 Louise


Message History

Aiming: Fulminant Prism (safe; 1% risk of failure)
Press: ? - help, Dir - move target You conjure a prism of explosive energy!
A fulminant prism comes into view.
A white imp comes into view.
The chaos spawn hits your fulminant prism!
The chaos spawn freezes your fulminant prism!
Your fulminant prism resists.
Your fulminant prism detonates feebly.
The white imp gestures at you. The puff of frost hits you. You resist.
Casting: Fulminant Prism (safe; 1% risk of failure)
Confirm with . or Enter, or press ? or * to list all spells.
You erupt in a blast of force!
The mystic blast hits the chaos spawn!
The chaos spawn is heavily wounded.
The chaos spawn is knocked back by the mystic blast.
The mystic blast hits the lich!
The lich is moderately damaged.
The lich is knocked back by the mystic blast.
The mystic blast hits the smoke demon.
The smoke demon is heavily wounded.
The smoke demon is knocked back by the mystic blast.
You hear a horrible gurgling sound!
The brown very ugly thing basks in the mutagenic energy from its kin and changes!
A large abomination comes into view.
The smoke demon hits you but does no damage.
The smoke demon completely misses you. The smoke demon closely misses you.
The white imp gestures at you. The puff of frost misses you.
The brown very ugly thing basks in the mutagenic energy from its kin and changes!
As you read the scroll of fog, it crumbles to dust.
The scroll dissolves into smoke.
The brown very ugly thing basks in the mutagenic energy from its kin and changes!
The lich conjures an orb of pure magic.
An orb of destruction comes into view.
The white imp gestures at you. The puff of frost hits you. You resist.
The orb of destruction hits you!!!
Ouch! That really hurt!
You die...

#. .# .#.. . .. .
...##. .#.#.
.#..##.#... #
##..X...#..#..#
#....#..##.#..# [
##§§§§#.uuu. .##..
#####§§5§#..##3##....
#. §§@§§L.4##.
^3u....
..#§#####3..#.#.#..u#
## #..#.##u##u.. .
...# .##.. .. #
#####..##.# # #.##
..###.# # . # . #...#
# #.. #######. .# ...
. ... #..


You could see a white imp.

Vanquished Creatures
  Snorg (D:10)
  Josephine (D:10)
  Harold (D:9)
  5 hydras
  2 centaur warriors
  Erica (D:9)
  A two-headed ogre (D:5)
  2 dancing weapons (Bailey)
  2 tengu warriors (D:14)
  A deep elf pyromancer (D:9)
  6 ugly things
  A manticore (D:14)
  3 cyclopes
  A smoke demon (Abyss:3)
  A gargoyle (D:9)
  2 unseen horrors
  4 komodo dragons
  Psyche (D:12)
  2 ice devils (D:12)
  4 trolls
  An ancient zyme (Abyss:3)
  A hornet (D:10)
  3 raiju (Abyss:3)
  8 slime creatures
  Sigmund (D:5)
  6 wraiths
  36 yaks
  2 vampires (D:10)
  3 fire bats (Abyss:3)
  Grum (D:10)
  A yak (shapeshifter) (D:14)
  A basilisk (D:15)
  4 vampire mosquitoes (D:11)
  4 wyverns
  A neqoxec (Abyss:3)
  Menkaure (D:5)
  4 acid dragons
  4 water moccasins
  Duvessa (D:5)
  An ice beast (D:6)
  9 orc warriors
  A necrophage (D:5)
  3 boggarts (D:14)
  4 ogres
  3 black bears
  8 wolves
  23 centaurs
  3 phantoms (D:11)
  A kobold brigand (D:8)
  Blork the orc (D:5)
  A gnoll sergeant (D:10)
  2 bullfrogs
  3 scorpions
  Dowan (D:5)
  13 killer bees
  7 wights
  5 howler monkeys
  2 centaur zombies
  4 starcursed masses (Abyss:3)
  A centaur skeleton (D:5)
  A hound (D:7)
  3 jellies
  2 gnoll shamans
  10 orc priests
  Jessica (D:2)
  3 iguanas
  Crazy Yiuf (D:7)
  10 orc wizards
  A killer bee zombie (D:7)
  8 ogre zombies (D:11)
  Robin (D:2)
  13 gnolls
  A howler monkey skeleton (D:5)
  A river rat (D:4)
  7 adders
  2 white imps
  2 ufetubi
  An adder skeleton (D:4)
  A worm (D:4)
  2 dart slugs
  57 orcs
  3 bats
  12 endoplasms
  3 giant cockroaches (D:1)
  14 goblins
  16 hobgoblins
  7 jackals
  9 quokkas
  9 ball pythons
  10 frilled lizards
  4 goblin zombies (D:11)
  A hobgoblin skeleton (D:11)
  5 hobgoblin zombies (D:11)
  23 kobolds
  2 orc skeletons (D:11)
  13 orc zombies (D:11)
  12 rats
  4 fulminant prisms
496 creatures vanquished.

Vanquished Creatures (collateral kills)
  A boulder beetle (D:13)
  A centaur warrior (D:15)
  An orc knight (D:15)
  A troll (D:15)
  2 vampire mosquitoes (D:15)
  6 orc warriors (Bailey)
  3 centaurs
  12 orcs
27 creatures vanquished.

Vanquished Creatures (others)
  A fire bat (Abyss:3)
  A boggart (D:14)
  An orc (D:10)
  266 fulminant prisms
  6 fungi
  49 plants
324 creatures vanquished.

Grand Total: 847 creatures vanquished

Notes
Turn   | Place    | Note
-------+----------+-------------------------------------------
     0 | D:1      | happimess2 the Deep Elf Conjurer began the quest for the
                  | Orb.
     0 | D:1      | Reached XP level 1. HP: 10/10 MP: 6/6
   158 | D:1      | Found a faded altar of an unknown god.
   169 | D:1      | Reached XP level 2. HP: 15/15 MP: 4/8
   173 | D:1      | Learned a level 2 spell: Searing Ray
   767 | D:1      | Reached XP level 3. HP: 19/19 MP: 4/10
  1269 | D:2      | Noticed Jessica
  1271 | D:2      | Killed Jessica
  1272 | D:2      | Reached XP level 4. HP: 24/24 MP: 7/12
  1340 | D:2      | Noticed Robin
  1345 | D:2      | Killed Robin
  1360 | D:2      | Reached skill level 5 in Spellcasting
  1360 | D:2      | Reached skill level 5 in Conjurations
  1761 | D:2      | Found a hide-covered altar of Uskayaw.
  2490 | D:3      | Reached XP level 5. HP: 13/28 MP: 10/15
  2502 | D:3      | Learned a level 4 spell: Fulminant Prism
  2507 | D:3      | Learned a level 4 spell: Iskenderun's Mystic Blast
  3367 | D:3      | Reached skill level 1 in Hexes
  3367 | D:3      | Reached XP level 6. HP: 32/32 MP: 13/17
  3761 | D:4      | Found a staircase to the Ecumenical Temple.
  3785 | Temple   | Entered the Ecumenical Temple
  3852 | D:4      | Found a glowing drain.
  3922 | Sewer    | Entered a sewer
  4844 | D:4      | Reached skill level 1 in Translocations
  5227 | D:4      | Reached XP level 7. HP: 36/36 MP: 11/18
  5234 | D:4      | Reached skill level 5 in Stealth
  5495 | D:4      | Found a radiant altar of Vehumet.
  5506 | D:4      | Became a worshipper of Vehumet
  5837 | D:5      | Entered Level 5 of the Dungeon
  5837 | D:5      | Noticed Menkaure
  5842 | D:5      | Killed Menkaure
  5844 | D:5      | Noticed Sigmund
  5943 | D:5      | Noticed a two-headed ogre
  5955 | D:5      | Killed a two-headed ogre
  5956 | D:5      | Reached skill level 5 in Hexes
  5956 | D:5      | Reached XP level 8. HP: 29/41 MP: 2/21
  6130 | D:5      | Noticed Blork the orc
  6277 | D:5      | Learned a level 3 spell: Tukima's Dance
  6279 | D:5      | Learned a level 1 spell: Apportation
  6288 | D:5      | Found a burning altar of Makhleb.
  6309 | D:5      | Noticed Dowan
  6347 | D:5      | Noticed Duvessa
  6348 | D:5      | Killed Dowan
  6358 | D:5      | Killed Duvessa
  6503 | D:5      | Killed Sigmund
  6509 | D:5      | Learned a level 4 spell: Passage of Golubria
  6697 | D:5      | Reached XP level 9. HP: 45/45 MP: 18/23
  6886 | D:5      | Found a sparkling altar of Nemelex Xobeh.
  7072 | D:5      | Killed Blork the orc
  7181 | D:6      | Found a white marble altar of Elyvilon.
  7252 | D:6      | Reached * piety under Vehumet
  7252 | D:6      | Offered knowledge of Freeze by Vehumet.
  7519 | D:6      | Found a faded altar of an unknown god.
  7519 | D:6      | Found an opulent altar of Gozag.
  7527 | D:6      | Found an ornate altar of the Wu Jian Council.
  7529 | D:6      | Found an iron altar of Okawaru.
  7531 | D:6      | Found a faded altar of an unknown god.
  8247 | D:7      | Identified the +9 plate armour of Cec Rinn {rPois}
  8376 | D:7      | Reached skill level 5 in Translocations
  8576 | D:7      | You fall into a shaft and drop 3 floors!
  8576 | D:10     | Entered Level 10 of the Dungeon
  8580 | D:10     | Found a shimmering altar of Xom.
  8581 | D:10     | Found a shimmering altar of Xom.
  8581 | D:10     | Found a shimmering altar of Xom.
  8581 | D:10     | Found a shimmering altar of Xom.
  8581 | D:10     | Found a shimmering altar of Xom.
  8581 | D:10     | Found a shimmering altar of Xom.
  8582 | D:10     | Found a shimmering altar of Xom.
  8582 | D:10     | Found a shimmering altar of Xom.
  8582 | D:10     | Found a shimmering altar of Xom.
  8606 | D:9      | Noticed a gargoyle
  8609 | D:9      | Killed a gargoyle
  8805 | D:8      | Found a glowing silver altar of Zin.
  9005 | D:7      | Found Haaczumm's Armour Shoppe.
  9500 | D:7      | Found a runed translucent door.
  9501 | D:7      | Noticed Crazy Yiuf
  9506 | D:7      | Killed Crazy Yiuf
  9586 | D:8      | Offered knowledge of Sandblast by Vehumet.
  9587 | D:8      | Reached XP level 10. HP: 50/50 MP: 16/25
  9592 | D:8      | Reached ** piety under Vehumet
 10205 | D:8      | Found a snail-covered altar of Cheibriados.
 10572 | D:8      | Found a hazy altar of Hepliaklqana.
 10705 | D:8      | Found Fiafihor's Magic Scroll Shoppe.
 10715 | D:8      | Bought a scroll of identify for 28 gold pieces
 10715 | D:8      | Bought a scroll of identify for 28 gold pieces
 10715 | D:8      | Bought a scroll of identify for 28 gold pieces
 10715 | D:8      | Bought a scroll of identify for 28 gold pieces
 10972 | D:9      | Reached skill level 10 in Spellcasting
 11032 | D:9      | Noticed a deep elf pyromancer
 11311 | D:9      | Killed a deep elf pyromancer
 11424 | D:9      | Noticed Harold
 11428 | D:9      | Killed Harold
 11429 | D:9      | Reached skill level 5 in Dodging
 11570 | D:9      | Reached skill level 10 in Conjurations
 11742 | D:9      | Reached XP level 11. HP: 54/54 MP: 19/27
 12064 | D:9      | Offered knowledge of Ignite Poison by Vehumet.
 12129 | D:9      | Reached skill level 10 in Stealth
 12129 | D:9      | Reached skill level 10 in Hexes
 12260 | D:9      | Noticed Erica
 12266 | D:9      | Killed Erica
 12578 | D:9      | Found a staircase to the Lair.
 12784 | D:10     | Reached *** piety under Vehumet
 13028 | D:10     | Noticed Snorg
 13040 | D:10     | Killed Snorg
 13086 | D:10     | Noticed Grum
 13272 | D:10     | Noticed Josephine
 13287 | D:10     | Killed Josephine
 13310 | D:10     | Offered knowledge of Frozen Ramparts by Vehumet.
 13842 | D:10     | Reached XP level 12. HP: 59/59 MP: 26/30
 13873 | D:10     | Killed Grum
 13881 | D:10     | Found a hide-covered altar of Uskayaw.
 14180 | D:10     | Reached skill level 1 in Bows
 14322 | D:10     | Found a shimmering altar of Xom.
 14372 | D:10     | Reached **** piety under Vehumet
 14430 | D:10     | Found a stormy altar of Qazlal.
 15249 | D:11     | Offered knowledge of Irradiate by Vehumet.
 15563 | D:11     | Found a staircase to the Orcish Mines.
 15648 | D:11     | Reached ***** piety under Vehumet
 15945 | D:11     | Offered knowledge of Sticky Flame by Vehumet.
 16408 | D:12     | Noticed a five-headed hydra
 16491 | D:12     | Noticed an eight-headed hydra
 16495 | D:12     | Killed an eight-headed hydra
 16570 | D:12     | Noticed Psyche
 16588 | D:12     | Found a flagged portal.
 16598 | Bailey   | Entered a bailey
 17943 | D:12     | Noticed a seven-headed hydra
 18157 | D:12     | Noticed a six-headed hydra
 18337 | D:12     | Found a portal to a secret trove of treasure.
 18457 | D:12     | Killed a seven-headed hydra
 18458 | D:12     | Reached skill level 5 in Bows
 18622 | D:12     | Killed a six-headed hydra
 18862 | D:12     | Killed Psyche
 18897 | D:12     | Killed a five-headed hydra
 18898 | D:12     | Reached skill level 1 in Evocations
 19235 | D:12     | Reached XP level 13. HP: 59/63 MP: 22/32
 21303 | D:14     | Noticed Louise
 21507 | D:14     | Identified the +6 battleaxe "Earthworm" {vorpal, rN+ Will+
                  | rCorr Str-3}
 21955 | D:14     | Noticed an ironbound preserver
 21986 | D:14     | You fall into a shaft and drop 1 floor!
 21986 | D:15     | Entered Level 15 of the Dungeon
 22781 | D:14     | Cast into level 3 of the Abyss (Louise)
 22899 | Abyss:3  | Noticed a starcursed mass
 23009 | Abyss:3  | Noticed a starcursed mass
 23029 | Abyss:3  | Found a corrupted altar of Lugonu.
 23205 | Abyss:3  | Noticed an eidolon
 23216 | Abyss:3  | Noticed a brown very ugly thing
 23217 | Abyss:3  | Noticed a brown very ugly thing
 23217 | Abyss:3  | Noticed a brown very ugly thing
 23221 | Abyss:3  | Noticed a brown very ugly thing
 23221 | Abyss:3  | Noticed a lich
 23236 | Abyss:3  | Blown up by a lich

Illustrated notes

Levels and vault maps discovered:
D:1:      minmay_arrival_stair_chambers, layout_basic,
          shapermc_ecumenical_altar_gd, minmay_worlds_worst_comb
D:2:      layout_loops_ring, basic_altar, uniq_jessica, uniq_robin
D:3:      layout_basic, minmay_door_square, minmay_quadrilaterals
D:4:      minmay_wonky_spiral, layout_basic, nicolae_vehumet_radiance,
          minmay_temple_entry_grid, portal_sewer_entry_b
D:5:      layout_rooms, mainiacjoe_overflow_concentric_impassable,
          nemelex_spade_bored_becter, due_unseen_surprise, uniq_menkaure,
          uniq_sigmund, uniq_blork_the_orc, uniq_duvessa
D:6:      layout_basic, elyvilon_altar_4, chequers_temple_overflow_minitemple,
          st_stairs_7, minivault_11, minivault_5
D:7:      layout_loops_corners, serial_shops, nicolae_shop_behind_doors,
          grunt_decor_arrowhead, uniq_crazy_yiuf_cottage
D:8:      layout_loops_ring, mainiacjoe_overflow_boulevard,
          nicolae_hepliaklqana_hazy_memory, zin_statuary, serial_shops,
          nicolae_stop_n_shop_2
D:9:      layout_stronghold, minmay_lair_entry_grove, uniq_harold, uniq_erica
D:10:     layout_loops_corners, eat_drink_and_be_merry_uskayaw,
          xom_shifter_show, grunt_qazlal_clouds, serial_rivers,
          chequers_serial_rivers_marsh, chequers_serial_rivers_small_a,
          chequers_serial_rivers_small_3, chequers_serial_rivers_small_3,
          chequers_serial_rivers_micro_c, chequers_serial_rivers_small_3,
          special_room [special_room_orc], uniq_snorg, uniq_grum, uniq_josephine
D:11:     layout_gridville, zombieorc2_lemuel
D:12:     layout_rooms, portal_ice_cave_demonic_guard, enter_trove_6,
          enter_bailey_1, st_stairs_1, nicolae_two_hexagons, uniq_psyche
D:13:     layout_loops_corners
D:14:     layout_basic, skrybe_vaults_entry_preservation, uniq_louise
D:15:     grunt_enter_depths_magical_seal, layout_basic, serial_shops,
          nicolae_lakefront_shop, nicolae_ru_path_of_blood
Temple:   dpeg_three_leaves_temple
Abyss:3:  base: D:13, evilmike_nicolae_abyss_rune_containment_curve,
          due_exit_kobolds, gammafunk_abyss_rune_reverse_zot,
          due_evilmike_abyss_rune_seething_liches, base: D:15,
          nicolae_abyss_rune_left_handed, evilmike_abyss_exit_16

Skill      XL: |  1  2  3  4  5  6  7  8  9 10 11 12 13 |
---------------+----------------------------------------+-----
Stealth        | 3 4 6 8 9 11 12 13 | 13.0
Spellcasting   | 4 5 6 7 8 9 10 12 13 | 13.6
Conjurations   | 5 6 7 8 9 10 11 12 | 12.4
Hexes          | 1 3 5 6 8 9 11 12 13 | 13.1
Translocations | 1 3 4 5 6 |  6.1
Dodging        | 5 7 8 |  8.9
Bows           | 5 8 |  8.1
Evocations     | 1 4 |  4.9

Action                   |  1- 3 |  4- 6 |  7- 9 | 10-12 | 13-15 || total
-------------------------+-------+-------+-------+-------+-------++-------
Melee: Dagger            |     8 |       |       |       |       ||     8
       Short sword       |       |     3 |     1 |     4 |     8 ||    16
 Fire: Shortbow          |       |       |       |    41 |    18 ||    59
 Cast: Magic Dart        |    46 |    57 |    28 |    41 |     1 ||   173
       Searing Ray       |    10 |    54 |    31 |    80 |    22 ||   197
       Fulminant Prism   |       |     6 |    26 |   154 |    85 ||   271
       Iskenderun's Myst |       |       |    10 |    45 |    29 ||    84
       Passage of Golubr |       |       |     4 |    20 |    13 ||    37
       Tukima's Dance    |       |       |       |    25 |     3 ||    28
       Apportation       |       |       |       |       |     1 ||     1
Evoke: Wand              |       |       |       |       |     5 ||     5
       Box of beasts     |       |       |       |       |     1 ||     1
  Use: Scroll            |       |     6 |     6 |    11 |    15 ||    38
       Potion            |       |       |       |     2 |    17 ||    19
 Stab: Sleeping          |     1 |       |       |       |       ||     1
Armor: Robe              |     1 |     7 |     5 |    16 |    22 ||    51
       Skin              |       |       |       |       |     2 ||     2
Dodge: Dodged            |     4 |     8 |    12 |    45 |    50 ||   119
